Map: Oxide LE

Players

Lambo

  • Race: Zerg Zerg

Serral - Winner!

  • Race: Zerg Zerg

Event: DreamHack SC2 Masters 2021 Fall

VOD

Have the link to the VOD?

Description

Time

  • Played on: Aug. 8, 2021, 1:46 p.m.
  • Length: 5:13

All games in this series

Show
View Real Time Build Order
Export as new Build Order

Lambo Zerg 

Build Orders: Hatch First 

Get SALT Encoding   

  12  0:00  Drone  
  13  0:12  Overlord  
  13  0:18  Drone  
  14  0:31  Drone x2  
  16  0:47  Hatchery  
  15  0:50  Drone  
  15  0:54  Drone  
  17  0:57  Drone  
  18  1:07  Extractor  
  17  1:12  Spawning Pool  
  17  1:15  Drone  
  17  1:18  Drone  
  18  1:27  Drone  
  19  1:38  Drone  
  20  1:50  Drone  
  21  1:59  Queen  
  21  2:00  Queen, Drone  
  21  2:01  Overlord  
  26  2:11  Drone x2  
  28  2:21  Zergling x2, Drone  
  30  2:32  Overlord  
  30  2:33  Drone  
  30  2:35  Queen x2  
  35  2:43  Drone  
  36  2:48  Overlord  
  36  2:53  Drone x2  
  38  3:03  Drone  
  39  3:05  Drone  
  39  3:06  Drone  
  39  3:07  Drone x5  
  46  3:13  Lair  
  46  3:19  Overlord  
  46  3:20  Evolution Chamber  
  46  3:21  Drone  
  46  3:23  Extractor  
  46  3:24  Extractor  
  44  3:28  Roach Warren  
  44  3:29  Drone  
  44  3:30  Drone  
  45  3:39  Evolution Chamber  
  45  3:41  Drone  
  45  3:43  Drone x3  
  45  3:44  Drone x2  
  50  3:48  Extractor  
  50  3:52  Drone  
  50  3:56  Drone x2  
  50  3:57  Drone  
  53  4:03  Evolution Chamber  
  53  4:09  Roach x2  
  54  4:12  Roach  
  54  4:14  Evolution Chamber  
  59  4:17  Roach x2  
  59  4:20  Roach  
  59  4:27  Roach  
  57  4:32  Roach x3  
  41  4:48  Drone x5  
  42  4:58  Drone x3  
Show
View Real Time Build Order
Export as new Build Order

Serral Zerg - Winner!

Build Orders: Hatch First, Zergling Baneling 

Get SALT Encoding   

  12  0:00  Drone  
  13  0:12  Overlord  
  13  0:16  Drone  
  14  0:30  Drone x2  
  16  0:48  Hatchery  
  15  0:51  Drone  
  15  0:55  Drone  
  17  0:58  Drone  
  18  1:09  Extractor  
  17  1:13  Spawning Pool  
  17  1:16  Drone  
  17  1:20  Drone  
  18  1:28  Drone  
  19  1:38  Drone  
  20  1:49  Drone  
  21  2:00  Queen x2  
  21  2:01  Zergling x2, Overlord  
  26  2:09  Metabolic Boost  
  26  2:11  Drone x2  
  28  2:22  Drone x2  
  30  2:34  Hatchery  
  30  2:35  Drone  
  30  2:38  Drone  
  31  2:47  Baneling Nest  
  31  2:48  Overlord  
  30  2:51  Drone  
  30  2:54  Zergling x4  
  33  3:04  Zergling x2  
  33  3:05  Zergling x2  
  35  3:07  Zergling x6  
  35  3:10  Zergling x2  
  35  3:11  Zergling x2  
  40  3:14  Zergling x2  
  40  3:16  Zergling x2  
  42  3:21  Zergling x2  
  43  3:28  Overlord  
  43  3:31  Zergling x2  
  44  3:44  Baneling x6  
  44  3:45  Zergling x2  
  44  3:46  Zergling x10  
  50  3:48  Baneling  
  50  3:52  Zergling x4  
  51  3:57  Zergling x4  
  51  3:59  Baneling  
  48  4:11  Baneling  
  48  4:15  Zergling x16  
  53  4:19  Baneling  
  53  4:29  Zergling x12  
  57  4:33  Baneling  
  57  4:34  Baneling  
  57  4:37  Zergling x2  
  48  4:48  Zergling x6  
  48  4:50  Baneling  
  48  4:51  Baneling  
  49  4:57  Drone x6  
  51  5:07  Evolution Chamber  

Tags
 
Add a new tag
Caveats
  • Supply blocks, unpowered buildings, or Contaminate may cause inaccurate times.
  • Supply counts are checked every 10 seconds.